Map: Goldenaura LE

Players

SubN - Winner!

  • Race: Zerg Zerg
  • League: Diamond
  • Spawn Location: 5:00

pearlgrell

  • Race: Terran Terran
  • League: Diamond
  • Spawn Location: 12:00

VOD

Have the link to the VOD?

Description

Time

  • Played on: Nov. 22, 2023, 4:08 p.m.
  • Length: 13:01
Show
View Real Time Build Order
Export as new Build Order

SubN Zerg - Winner!

Build Orders: Hatch First 

Get SALT Encoding   

  12  0:00  Drone  
  13  0:12  Overlord  
  13  0:16  Drone  
  14  0:30  Drone x2  
  16  0:49  Hatchery  
  15  0:54  Drone  
  15  0:56  Drone  
  17  1:00  Drone  
  17  1:01  Extractor  
  17  1:16  Spawning Pool  
  16  1:19  Drone  
  17  1:26  Drone  
  17  1:28  Drone  
  19  1:38  Drone  
  20  1:50  Overlord  
  20  2:03  Queen x2  
  20  2:05  Zergling x2  
  25  2:09  Zergling x2  
  26  2:20  Drone x2  
  26  2:22  Drone  
  29  2:25  Metabolic Boost  
  29  2:28  Drone  
  30  2:43  Zergling x6  
  33  2:46  Drone  
  33  2:49  Queen  
  35  2:56  Lair  
  34  3:14  Drone  
  34  3:15  Overlord  
  34  3:19  Overlord  
  33  3:43  Drone x3  
  33  3:44  Drone x4  
  40  3:51  Drone  
  38  4:11  Drone x6  
  44  4:18  Drone, Hatchery  
  44  4:20  Queen  
  44  4:21  Queen  
  44  4:23  Drone x2  
  44  4:24  Drone  
  51  4:31  Overlord  
  51  4:32  Overlord x2  
  51  4:50  Baneling Nest  
  51  4:51  Extractor  
  49  4:54  Drone x6  
  49  4:55  Drone x2, Extractor  
  56  5:07  Drone x2  
  56  5:11  Extractor  
  57  5:15  Drone  
  57  5:17  Evolution Chamber x2  
  56  5:23  Drone x5  
  61  5:44  Queen  
  61  5:46  Hatchery  
  62  5:59  Drone x2  
  62  6:00  Drone  
  62  6:01  Spore Crawler x2  
  62  6:02  Spore Crawler  
  62  6:03  Spore Crawler  
  61  6:05  Drone x11  
  61  6:11  Centrifugal Hooks  
  72  6:12  Zerg Melee Weapons Level 1, Zerg Ground Armor Level 1  
  72  6:18  Overlord x4  
  72  6:20  Overseer  
  72  6:22  Overseer  
  72  6:35  Overlord x2  
  72  6:36  Zergling x2, Queen  
  72  6:37  Zergling x12  
  81  6:40  Baneling x2  
  81  6:41  Baneling  
  81  6:46  Zergling x2  
  82  6:52  Drone  
  83  6:57  Zergling x4  
  83  6:58  Zergling x6  
  89  7:01  Drone x2  
  89  7:05  Drone  
  91  7:12  Spire  
  90  7:16  Zergling x6  
  90  7:17  Zergling x2  
  83  7:48  Zergling x6  
  83  7:49  Zergling x24  
  83  7:50  Zergling x10  
  102  8:01  Drone x3, Extractor  
  102  8:02  Extractor  
  102  8:03  Drone x2  
  102  8:05  Drone  
  106  8:21  Overlord x4  
  106  8:22  Overseer x2  
  106  8:31  Mutalisk  
  106  8:32  Mutalisk x5  
  118  8:41  Mutalisk x2  
  118  8:42  Mutalisk, Hatchery  
  118  8:43  Mutalisk x3  
  118  8:44  Mutalisk x3  
  118  8:45  Mutalisk  
  137  8:49  Zergling x2  
  137  8:50  Zergling x2  
  139  8:57  Baneling x9  
  139  8:59  Baneling  
  139  9:00  Zergling x10  
  139  9:01  Zergling x12  
  111  9:39  Zergling x2  
  111  9:40  Zergling x36  
  111  9:41  Zergling x4  
  128  9:50  Zergling x2  
  128  9:51  Zergling x14  
  126  9:56  Queen  
  126  9:59  Baneling x2  
  128  10:00  Baneling x12  
  128  10:01  Baneling  
  128  10:05  Pneumatized Carapace  
  128  10:06  Zergling x12  
  128  10:07  Zergling x10  
  139  10:09  Baneling  
  139  10:10  Baneling x9  
  139  10:14  Overlord  
  139  10:15  Overlord x2  
  132  10:31  Mutalisk x2  
  119  10:47  Baneling x13  
  119  10:54  Hatchery  
  115  11:12  Mutalisk x3  
  115  11:15  Zergling x2  
  115  11:16  Zergling x36  
  135  11:23  Overseer  
  135  11:24  Overseer  
  135  11:25  Overseer  
  134  11:39  Zergling x2  
  129  11:40  Zergling x16, Extractor  
  129  11:41  Zergling x2  
  129  11:44  Extractor x2  
  129  11:45  Hatchery  
  133  11:47  Extractor  
  132  12:01  Baneling  
  132  12:02  Baneling x30  
  132  12:03  Baneling x11  
  132  12:15  Zergling x2  
  131  12:16  Zergling x34  
  148  12:25  Drone x4  
Show
View Real Time Build Order
Export as new Build Order

pearlgrell Terran 

Build Orders:  

Get SALT Encoding   

  12  0:00  SCV  
  13  0:12  SCV  
  14  0:17  Supply Depot  
  14  0:24  SCV  
  15  0:39  SCV  
  15  0:40  Barracks  
  16  0:45  Refinery  
  16  0:51  SCV  
  17  1:01  Barracks  
  17  1:05  SCV  
  18  1:17  SCV  
  19  1:29  Reaper  
  20  1:33  Orbital Command  
  20  1:34  Supply Depot  
  20  1:48  Reaper  
  21  1:58  SCV  
  22  2:06  Reaper  
  23  2:11  SCV  
  24  2:16  Command Center  
  24  2:24  Reaper  
  24  2:25  SCV  
  26  2:44  SCV  
  27  2:51  Refinery, Command Center  
  27  2:52  Marine  
  28  3:09  SCV  
  29  3:14  Marine  
  30  3:21  SCV  
  31  3:27  Marine  
  31  3:47  Orbital Command, SCV  
  32  3:51  Engineering Bay  
  32  3:57  Factory  
  32  3:58  Barracks  
  32  4:07  Marine  
  32  4:08  Marine  
  32  4:11  Orbital Command  
  32  4:13  SCV  
  32  4:14  SCV  
  33  4:25  Refinery, SCV  
  33  4:29  Terran Infantry Weapons Level 1  
  34  4:32  Engineering Bay  
  34  4:46  Barracks Tech Lab  
  34  4:50  Barracks Reactor  
  34  4:53  SCV  
  34  4:54  SCV  
  34  4:57  Factory Reactor  
  34  4:59  Starport, Barracks Reactor  
  36  5:00  Terran Infantry Armor Level 1  
  36  5:01  SCV  
  36  5:05  SCV  
  36  5:06  SCV  
  39  5:10  Refinery  
  39  5:13  SCV  
  40  5:18  SCV  
  40  5:21  Stimpack  
  41  5:22  Barracks  
  41  5:24  SCV  
  42  5:29  SCV  
  42  5:30  SCV  
  44  5:39  Armory  
  44  5:40  Starport Reactor, Widow Mine x2  
  44  5:41  Marine  
  49  5:47  Marine x3  
  49  5:49  Orbital Command  
  52  5:55  SCV x2  
  54  5:58  Marine  
  55  6:05  Widow Mine  
  55  6:06  Marine, Widow Mine  
  55  6:07  SCV  
  61  6:16  Barracks Reactor  
  61  6:22  Marine x3, SCV, Medivac x2  
  69  6:26  Supply Depot  
  69  6:29  Supply Depot  
  69  6:32  Supply Depot  
  69  6:41  Supply Depot x2  
  69  6:43  Marine, SCV x2  
  69  6:44  Widow Mine x2  
  69  6:45  SCV  
  77  6:48  Marine  
  78  6:54  Supply Depot  
  78  6:55  SCV  
  78  6:56  Marine, Medivac  
  82  7:05  Marine x3  
  82  7:06  Combat Shield  
  85  7:08  SCV  
  85  7:13  Terran Infantry Weapons Level 2  
  86  7:17  Terran Infantry Armor Level 2  
  86  7:20  Marine x2  
  88  7:23  SCV  
  88  7:25  SCV x2  
  82  7:48  Widow Mine  
  82  7:49  Widow Mine  
  80  7:55  Marine  
  80  7:56  Marine x4  
  85  8:00  SCV  
  85  8:01  Marine  
  85  8:02  Marine  
  85  8:03  Barracks  
  85  8:04  Factory  
  88  8:10  Widow Mine  
  88  8:11  Widow Mine  
  92  8:13  Marine x2  
  92  8:14  Marine  
  92  8:15  SCV  
  92  8:16  Medivac x2  
  92  8:17  Command Center  
  100  8:21  Marine  
  100  8:22  Marine x3  
  100  8:27  Supply Depot  
  104  8:29  SCV  
  104  8:30  SCV  
  104  8:31  Marine x3, Widow Mine  
  113  8:34  Widow Mine  
  113  8:39  SCV  
  114  8:41  Marine  
  114  8:43  Marine x3  
  118  8:49  Marine  
  118  8:53  Factory Tech Lab, Widow Mine  
  123  9:03  Marauder  
  123  9:06  Barracks Tech Lab  
  123  9:15  Marine x3  
  123  9:16  Marine  
  96  9:35  Thor, Widow Mine x2  
  99  9:41  Marauder, Marine x3  
  99  9:42  Marine x4  
  108  9:49  Medivac x2  
  105  9:56  Widow Mine  
  105  9:57  Widow Mine  
  105  9:59  Marine x4  
  113  10:07  Drilling Claws  
  113  10:11  Marine x2  
  113  10:12  Marine  
  116  10:16  Marine  
  116  10:17  Marine x2  
  116  10:18  Widow Mine x2  
  116  10:19  Medivac, Marine x2, Widow Mine  
  129  10:22  Barracks  
  105  10:30  Barracks  
  105  10:33  Barracks  
  105  10:35  Marine  
  101  10:39  Widow Mine  
  101  10:40  Widow Mine  
  101  10:51  Widow Mine  
  97  11:01  Widow Mine  
  97  11:12  Siege Tank  
  97  11:13  Marine x5  
  97  11:14  Marine x3  
  106  11:23  SCV x3  
  101  11:47  Marine  
  98  11:55  Marine x4  
  98  11:56  Marine x3  
  98  11:58  Missile Turret  
  101  12:03  Missile Turret  
  101  12:04  Widow Mine  
  101  12:05  Missile Turret, Marine, Widow Mine x2  
  101  12:13  Marine x5  
  101  12:15  Barracks Reactor  
  105  12:16  Barracks Reactor  
  105  12:18  SCV x3  
  105  12:22  Missile Turret x2  
  108  12:26  Widow Mine  
  110  12:30  SCV  
  109  12:46  Missile Turret  
  109  12:47  Missile Turret  
Tags
 
Add a new tag
Caveats
  • Supply blocks, unpowered buildings, or Contaminate may cause inaccurate times.
  • Supply counts are checked every 10 seconds.